AoeStats
← Fiesh

Arabia

509985490Analyzed
1v1 RM · 5d ago on Sep 28, 2026· 72m 19s· 2 players
Game mode
Random Map
Map size
Tiny (2 player)
Population
200
Speed
Normal
Resources
Standard
Victory
Conquest
Starting age
Dark Age
Ending age
Imperial Age
RankedLock teamsTeams togetherTeam positionsShared explorationLock speedFull tech treeHidden civsTurbo modeCheats
Victory
Defeat
🇺🇸 Varangians · United States
863
+17
🇧🇷 Chinese · Brazil
874
-17
Lord_Devil
6:06 Loom
10:20 Feudal Age
12:21 Bloodlines
15:39 Forging
15:35 Scale Barding Armor
16:41 Double-Bit Axe
20:16 Wheelbarrow
20:26 Horse Collar
21:56 Gold Mining
21:59 Stone Mining
27:59 Castle Age
29:07 Hand Cart
29:36 Stone Shaft Mining
29:51 Iron Casting
29:33 Bow Saw
30:10 Husbandry
35:11 Herbal Medicine
35:54 Chain Barding Armor
35:25 Fletching
37:28 Bodkin Arrow
37:32 Elite Skirmisher
39:41 Vendel Legacy
44:46 Imperial Age
44:19 Town Watch
44:50 Padded Archer Armor
45:58 Leather Archer Armor
46:00 Cavalier
47:44 Blast Furnace
47:20 Plate Barding Armor
46:46 Bracer
47:06 Heavy Plow
47:39 Conscription
48:55 Chemistry
48:16 Ballistics
47:44 Elite Jarl
49:57 Heavy Mounted Crossbowman
50:25 Cranequins
53:05 Town Patrol
53:13 Squires
53:25 Elite Varangian Guard
53:42 Light Cavalry
53:53 Pikeman
60:20 Scale Mail Armor
70:49 Gothikon
Fiesh
0:27 Loom
13:27 Feudal Age
13:33 Man-at-Arms
15:41 Double-Bit Axe
21:01 Horse Collar
26:11 Castle Age
26:57 Pikeman
27:56 Scale Barding Armor
28:48 Squires
28:59 Scale Mail Armor
29:21 Bloodlines
28:37 Light Cavalry
31:16 Bow Saw
32:18 Chain Mail Armor
32:16 Husbandry
33:18 Ballistics
33:35 Sanctity
36:51 Imperial Age
34:11 Town Watch
35:24 Forging
35:06 Fletching
37:44 Wheelbarrow
37:52 Fervor
37:58 Block Printing
38:20 Theocracy
38:59 Two-Man Saw
38:58 Halberdier
40:29 Arson
41:23 Iron Casting
40:59 Cavalier
43:06 Gold Mining
43:21 Heavy Plow
43:04 Capped Ram
44:59 Stone Mining
46:05 Chain Barding Armor
46:47 Blast Furnace
46:05 Town Patrol
50:09 Bodkin Arrow
51:42 Conscription
51:29 Murder Holes
53:32 Great Wall
54:35 Plate Mail Armor
56:45 Plate Barding Armor
58:58 Elite Skirmisher
59:56 Bracer
60:07 Thumb Ring
62:02 Chemistry
70:51 Padded Archer Armor
Connection lost

Rejoining the realm…

Still unreachable

The connection could not be restored.

Session expired

The server has moved on; the page needs a fresh start.